 Dungeon Crawl Stone Soup version 0.26-a0-540-g8a0c9464d7 (webtiles) character file.

Game seed: 16703623458850439423

17744 Gorglomux the Fighter (level 12, -7/126 HPs)
             Began as an Ogre Transmuter on May 12, 2020.
             Was a High Priest of Okawaru.
             Mangled by a frost giant
             ... wielding a +1 battleaxe of freezing
              (32 damage)
             ... in an ice cave on Aug 21, 2020.
             The game lasted 00:43:32 (14627 turns).

Gorglomux the Fighter (Ogre Transmuter)            Turns: 14627, Time: 00:43:33

Health: -7/126     AC:  3    Str: 23    XL:     12   Next: 51%
Magic:  22/22      EV: 12    Int: 14    God:    Okawaru [*****.]
Gold:   526        SH:  0    Dex:  9    Spells: 13/25 levels left

rFire    . . .     SeeInvis .   o - +9 staff of Olgreb {rPois∞}
rCold    . . .     Faith    .   (no shield)
rNeg     . . .     Spirit   .   b - +0 robe
rPois    ∞         Reflect  .   (helmet restricted)
rElec    .         Harm     .   (no cloak)
rCorr    .                      (gloves unavailable)
MR       +....                  (boots unavailable)
Stlth    +.........             r - amulet of regeneration
HPRegen  0.71/turn              h - +6 ring of strength
MPRegen  0.18/turn              H - -4 ring of intelligence (curse)

@: about to teleport
A: large, unfitting armour, tough skin 1
a: Heroism, Finesse, Renounce Religion


You were in an ice cave.
You worshipped Okawaru.
Okawaru was extremely pleased with you.
You visited 1 branch of the dungeon, and saw 11 of its levels.
You also visited: Ice Cave.

You collected 617 gold pieces.
You spent 91 gold pieces at shops.

Inventory:

Hand Weapons
 o - the +9 staff of Olgreb (weapon) {rPois∞}
   (You found it on level 7 of the Dungeon)

   It grants immunity to poison.
Missiles
 v - 6 javelins (quivered)
 Z - a throwing net
Armour
 a - a scarf of invisibility
 b - a +0 robe (worn)
 C - a scarf of resistance
Jewellery
 h - a +6 ring of strength (left hand)
 i - an uncursed amulet of reflection
 p - an uncursed ring of ice
 r - an amulet of regeneration (around neck)
 t - a +6 ring of dexterity
 F - an uncursed amulet of the acrobat
 H - a cursed -4 ring of intelligence (right hand)
Wands
 n - a wand of polymorph (7)
 D - a wand of disintegration (24)
 E - a wand of enslavement (1)
 I - a wand of iceblast (15)
 V - a wand of flame (22)
Scrolls
 c - 2 scrolls of random uselessness {unknown}
 f - a scroll of amnesia
 g - 2 scrolls of immolation
 m - 2 scrolls of noise
 q - 3 scrolls of magic mapping
 A - 2 scrolls of fog {unknown}
 G - a scroll of blinking {unknown}
 R - 3 scrolls of identify
Potions
 e - 2 potions of resistance
 j - a potion of invisibility
 k - a potion of brilliance
 l - 2 potions of flight
 s - a potion of haste
 u - 2 potions of might
 z - 3 potions of stabbing
 B - a potion of ambrosia
 J - 6 potions of mutation
 Q - 8 potions of curing
Comestibles
 d - a removed food


   Skills:
 - Level 10.0 Fighting
 + Level 6.6 Dodging
 - Level 10.0 Unarmed Combat
 - Level 7.0 Spellcasting
 - Level 8.0 Transmutations
 - Level 2.0 Poison Magic
 + Level 7.7 Invocations
 - Level 5.0 Evocations


You had 13 spell levels left.
You knew the following spells:

 Your Spells              Type           Power        Failure   Level
b - Spider Form           Tmut/Pois      ####......   5%          3
u - Blade Hands           Tmut           ####......   14%         5
I - Ice Form              Ice/Tmut       ###.....     26%         4

Your spell library contained the following spells:

 Spells                   Type           Power        Failure   Level
 Beastly Appendage        Tmut           ####..       1%          1
 Animate Dead             Necr           #.........   80%         4
 Borgnjor's Vile Clutch   Necr/Erth      #.........   98%         5
 Death Channel            Necr           #.........   100%        6
 Simulacrum               Ice/Necr       #.........   100%        6


Dungeon Overview and Level Annotations

Branches:
Dungeon (11/15)            Temple (0/1) D:7            Lair (0/6) D:10
  IceCv (1/1)
    Orc: D:9-12

Altars:
Ashenzari
Gozag
Okawaru

Shops:
D:4 *

Annotations:
D:5 1 runed translucent door, Lanoc's ghost, novice TrBe
D:7 1 runed translucent door


Innate Abilities, Weirdness & Mutations

You are too large for most types of armour.
You have tough skin. (AC +1)


Message History

The wolf completely misses your polar bear.
Your polar bear closely misses the wolf.
Your polar bear claws the wolf. x2; The wolf bites your polar bear.
Your polar bear barely misses the wolf. x2; Your polar bear claws the wolf.
The yak gores your polar bear!
The wolf closely misses your polar bear.
Your polar bear barely misses the wolf. x2; Your polar bear claws the wolf.
The yak barely misses your polar bear.
You see here a polar bear corpse.
Unknown command.
Your polar bear barely misses the frost giant.
Your polar bear claws the frost giant but does no damage. x2
Your polar bear bites the frost giant but does no damage.
Your polar bear claws the frost giant but does no damage. x2
The yak gores your polar bear!
Your polar bear dies!
Press: ? - help, v - describe, . - travel
Here: a frost giant, wielding a +1 battleaxe of freezing The floor.
The frost giant casts a spell at you. The bolt of cold hits you!!
You see here a twisted hunting sling {god gift}.
The frost giant casts a spell at you. The bolt of cold misses you.
The wolf bites you. The wolf bites you. The wolf closely misses you.
Evoke which item? (* to show all) (? for menu, Esc to quit)
Aiming: Enslavement
Press: ? - help, Shift-Dir - straight line, f - wolf
Aim: a wolf (heavily wounded, chance to defeat MR: 61%)
The wolf is charmed.
The frost giant hits your wolf with a +1 battleaxe of freezing!
The frost giant freezes your wolf.
Your wolf dies!
As you read the scroll labeled KIUHEO ERAA, it crumbles to dust.
You feel strangely unstable.
It was a scroll of teleportation.
T - a scroll of teleportation Your surroundings seem slightly different.
The frost giant hits you with a +1 battleaxe of freezing!
The frost giant freezes you.
As you read the scroll of teleportation, it crumbles to dust.
You feel strangely unstable.
The frost giant hits you with a +1 battleaxe of freezing!!
* * * LOW HITPOINT WARNING * * *
The frost giant freezes you!
* * * LOW HITPOINT WARNING * * *
You feel much better.
The frost giant hits you with a +1 battleaxe of freezing!!
You die...

≈≈≈≈≈≈≈≈## ###..##
≈≈≈≈≈≈≈..##
##...C###
###≈≈##.#.#
#.......## # ##.##
###....... ##..#
#### ##......
##..##
##..#######....
#.#.#
####......Y###....
#..##
##.C.##........#...
##..##
#.@#...#...........
##..#
#..##≈≈##..........
##.#
##..##≈≈##.#....#.#
##..#
##..##≈≈####..####
#.#.#
##..##≈≈###..#
#..## ##..#≈≈##..##
##..# ##..##≈##..##
##.## #..## ≈#...##
#.#.## ##.##
##...##


You could see a frost giant.

Vanquished Creatures
  Fannar (D:10)
  Harold (D:10)
  An ice dragon (D:11)
  A two-headed ogre (D:10)
  Nergalle (D:10)
  An ugly thing (D:11)
  A manticore (D:7)
  An ice statue (IceCv)
  Joseph (D:7)
  A rime drake (D:11)
  2 trolls
  17 polar bears
  A hornet (D:9)
  A hippogriff (D:7)
  8 yaks
  2 vampires
  Menkaure (D:4)
  4 soldier ants (D:7)
  Duvessa (D:5)
  5 water moccasins (D:7)
  A black bear (D:10)
  2 ice beasts
  4 orc warriors
  3 phantoms
  An eye of draining (D:8)
  4 sky beasts
  6 ogres
  7 wolves
  6 centaurs
  A big kobold (D:7)
  5 bullfrogs
  Dowan (D:5)
  A scorpion (D:7)
  16 killer bees
  12 wights
  A bullfrog zombie (D:6)
  3 hounds
  A quasit (D:8)
  6 orc priests
  2 bullfrog skeletons
  8 orc wizards
  17 worker ants
  3 hound zombies
  A mummy (D:8)
  4 gnolls (D:7)
  11 adders
  2 white imps
  4 ufetubi
  2 oozes
  An adder skeleton (D:5)
  3 worms
  A dart slug (D:2)
  3 leopard geckos
  26 orcs
  7 bats
  8 giant cockroaches
  8 goblins
  5 hobgoblins
  11 jackals
  2 quokkas
  A ball python (D:1)
  A ball python skeleton (D:4)
  5 frilled lizards
  A hobgoblin zombie (D:8)
  12 kobolds
  A kobold zombie (D:8)
  2 orc zombies (D:8)
  A quokka skeleton (D:6)
  A quokka zombie (D:3)
  6 rats
293 creatures vanquished.

Vanquished Creatures (others)
  2 polar bears (IceCv)
  A wolf (IceCv)
3 creatures vanquished.

Grand Total: 296 creatures vanquished

Notes
Turn   | Place    | Note
-------+----------+-------------------------------------------
     0 | D:1      | Gorglomux the Ogre Transmuter began the quest for the Orb.
     0 | D:1      | Reached XP level 1. HP: 19/19 MP: 3/3
     0 | D:1      | Upgraded the game from 0.25-a0-1024-gbfbf38f2cb to
                  | 0.26-a0-540-g8a0c9464d7
    84 | D:1      | Reached XP level 2. HP: 15/29 MP: 3/5
   311 | D:1      | Reached skill level 3 in Fighting
   968 | D:1      | Reached XP level 3. HP: 37/39 MP: 4/6
  1012 | D:1      | Learned a level 3 spell: Spider Form
  1388 | D:2      | Reached skill level 1 in Poison Magic
  1388 | D:2      | Reached XP level 4. HP: 21/48 MP: 6/8
  1825 | D:2      | Reached skill level 3 in Spellcasting
  3099 | D:3      | Reached XP level 5. HP: 54/54 MP: 7/10
  3256 | D:4      | Noticed Menkaure
  3256 | D:4      | Noticed an ogre
  3272 | D:4      | Killed Menkaure
  3272 | D:4      | Reached skill level 3 in Transmutations
  3272 | D:4      | Reached XP level 6. HP: 12/62 MP: 7/12
  3605 | D:4      | Found an opulent altar of Gozag.
  3879 | D:4      | Reached XP level 7. HP: 70/70 MP: 11/14
  3909 | D:4      | Found Zepe's General Store.
  3917 | D:4      | Bought a scroll of magic mapping for 49 gold pieces
  3917 | D:4      | Bought a potion of lignification for 42 gold pieces
  3931 | D:4      | Reached skill level 3 in Unarmed Combat
  4610 | D:5      | Entered Level 5 of the Dungeon
  4613 | D:5      | Found an iron altar of Okawaru.
  4689 | D:5      | Found a runed translucent door.
  4905 | D:5      | Noticed Lanoc's ghost (novice TrBe)
  4932 | D:5      | Reached skill level 3 in Dodging
  5169 | D:5      | Reached XP level 8. HP: 66/80 MP: 15/15
  5261 | D:5      | Noticed Dowan
  5293 | D:5      | Killed Dowan
  5374 | D:5      | Noticed Duvessa
  5384 | D:5      | Killed Duvessa
  5813 | D:6      | Reached skill level 6 in Spellcasting
  5857 | D:6      | Noticed a troll
  5899 | D:5      | Killed a troll
  6128 | D:5      | Became a worshipper of Warmaster Okawaru
  6358 | D:6      | Reached skill level 6 in Transmutations
  6367 | D:6      | Reached XP level 9. HP: 23/88 MP: 19/19
  6783 | D:6      | Reached * piety under Okawaru
  6861 | D:6      | Learned a level 5 spell: Blade Hands
  7450 | D:7      | Reached skill level 1 in Invocations
  7870 | D:7      | Found a staircase to the Ecumenical Temple.
  7892 | D:7      | Noticed a manticore
  7895 | D:7      | Reached skill level 3 in Invocations
  7904 | D:7      | Killed a manticore
  7904 | D:7      | Reached ** piety under Okawaru
  8202 | D:7      | Reached skill level 6 in Fighting
  8451 | D:7      | Found the +9 staff of Olgreb {rPois∞}
  8453 | D:7      | Found a runed translucent door.
  8474 | D:7      | Found a runed translucent door.
  8514 | D:7      | Found a runed translucent gate.
  8514 | D:7      | Found a runed translucent gate.
  8525 | D:7      | Found a runed translucent gate.
  8528 | D:7      | Noticed Joseph
  8564 | D:7      | Killed Joseph
  8564 | D:7      | Reached XP level 10. HP: 90/102 MP: 6/20
  9065 | D:7      | Learned a level 4 spell: Ice Form
  9082 | D:7      | Reached skill level 6 in Unarmed Combat
  9101 | D:7      | Reached *** piety under Okawaru
  9109 | D:7      | Reached skill level 9 in Fighting
  9801 | D:8      | Reached skill level 1 in Evocations
 10169 | D:8      | Found a shattered altar of Ashenzari.
 10621 | D:9      | Paralysed by a hornet for 3 turns
 11402 | D:9      | Reached XP level 11. HP: 85/117 MP: 16/21
 11473 | D:9      | Reached **** piety under Okawaru
 11473 | D:9      | Reached skill level 3 in Evocations
 12025 | D:10     | Entered Level 10 of the Dungeon
 12103 | D:10     | Noticed Nergalle
 12114 | D:10     | Killed Nergalle
 12364 | D:10     | Found a staircase to the Lair.
 12472 | D:10     | Noticed Fannar
 12482 | D:10     | Killed Fannar
 12577 | D:10     | Noticed Harold
 12608 | D:10     | Killed Harold
 12608 | D:10     | Reached ***** piety under Okawaru
 12608 | D:10     | Reached skill level 9 in Unarmed Combat
 12769 | D:10     | Noticed a two-headed ogre
 12777 | D:10     | Killed a two-headed ogre
 13107 | D:11     | Noticed a brown ugly thing
 13116 | D:11     | Killed a brown ugly thing
 13491 | D:11     | Found a frozen archway.
 13500 | D:11     | Noticed an ice dragon
 13516 | D:11     | Killed an ice dragon
 13516 | D:11     | Received a gift from Okawaru
 13522 | D:11     | Reached XP level 12. HP: 83/126 MP: 19/22
 13549 | IceCv    | Entered an ice cave
 13744 | IceCv    | Reached skill level 6 in Invocations
 14154 | IceCv    | Reached skill level 6 in Dodging
 14397 | IceCv    | Received a gift from Okawaru
 14400 | IceCv    | Got a twisted hunting sling {god gift}
 14554 | IceCv    | Noticed a frost giant
 14627 | IceCv    | Mangled by a frost giant

Illustrated notes

Levels and vault maps discovered:
D:1:      nicolae_arrival_memento_mori, layout_rooms
D:2:      layout_basic, kennysheep_generic_room_7
D:3:      layout_loops_ring
D:4:      layout_loops_cross, serial_shops,
          nicolae_shop_competitors_out_of_business,
          nicolae_gozag_cash_rules_everything_around_me, uniq_menkaure
D:5:      layout_rooms, ebering_ghost_sewer_d, okawaru_trees_1, uniq_duvessa
D:6:      layout_cave_pools, minmay_misc_feat_roman
D:7:      layout_layer_cave, minmay_temple_entry_waves, st_stairs_14,
          minmay_guarded_unrand_staff_of_olgreb, uniq_joseph
D:8:      layout_loops_ring, lemuel_coloured_pillars_altar, minmay_mini_ossuary
D:9:      layout_grid_maze
D:10:     layout_roguey, lair_entry_dummy, grunt_ministairs_5, uniq_fannar,
          uniq_nergalle, uniq_harold
D:11:     layout_gridville, portal_ice_cave_entry_animals_and_master,
          wad_floor_pattern_untrapped
IceCv:    ice_cave_small_giant

Skill      XL: |  1  2  3  4  5  6  7  8  9 10 11 12 |
---------------+-------------------------------------+-----
Fighting       | 2 3 4 5 7 10 | 10.0
Transmutations | 2 3 4 6 8 |  8.0
Poison Magic   | 1 2 |  2.0
Spellcasting   | 3 4 5 7 |  7.0
Dodging        | 2 3 4 6 |  6.6
Unarmed Combat | 4 5 7 9 10 | 10.0
Invocations    | 3 5 7 |  7.7
Evocations     | 2 5 |  5.0

Action                   |  1- 3 |  4- 6 |  7- 9 | 10-12 || total
-------------------------+-------+-------+-------+-------++-------
Melee: Unarmed           |   142 |   119 |   246 |   360 ||   867
       Headbutt          |    13 |     9 |     1 |       ||    23
       Kick              |    12 |    22 |     2 |       ||    36
       Punch             |     2 |     1 |     1 |    14 ||    18
       Staff             |       |       |       |    29 ||    29
Throw: Dart              |       |     5 |       |       ||     5
 Cast: Beastly Appendage |    11 |    18 |     1 |       ||    30
       Spider Form       |       |     8 |    24 |     1 ||    33
       Blade Hands       |       |       |    11 |    43 ||    54
       Ice Form          |       |       |       |     7 ||     7
Invok: Heroism           |       |       |     2 |     8 ||    10
 Abil: End Transformatio |       |       |     2 |     2 ||     4
       Evoke Invisibilit |       |       |     1 |     3 ||     4
Evoke: Staff of Olgreb   |       |       |       |     8 ||     8
       Wand              |       |       |       |    12 ||    12
  Use: Scroll            |       |     5 |     4 |    15 ||    24
       Potion            |       |     1 |     5 |     2 ||     8
 Stab: Sleeping          |       |       |     2 |     1 ||     3
Armor: Robe              |    59 |    16 |    15 |    29 ||   119
       Skin              |       |       |    36 |    32 ||    68
Dodge: Dodged            |    75 |    59 |   135 |   216 ||   485
Block: Other             |       |     6 |    58 |       ||    64
       Reflection        |       |       |     7 |       ||     7

Table legend: (Time is in decaauts)
 A = Elapsed time spent in this place.
 B = Non-inter-level travel time spent in this place.
 C = Inter-level travel time spent in this place.
 D = Time resting spent in this place.
 E = Time spent auto-exploring this place.
 F = Levels seen in this place.
 G = Mean time per level.
                   A        B        C        D        E       F      G
               +--------+--------+--------+--------+--------+-----+--------+
         Total |  14542 |  13945 |    597 |   2702 |   8726 |  12 | 1211.8 |
       Dungeon |  13481 |  12884 |    597 |   2239 |   8423 |  11 | 1225.5 |
      Ice Cave |   1061 |   1061 |      0 |    463 |    303 |   1 | 1061.0 |
               +--------+--------+--------+--------+--------+-----+--------+

Top non-repeatable levels by time:
     D:7: 2142 daAuts
     D:9: 1557 daAuts
     D:5: 1536 daAuts
     D:2: 1318 daAuts
     D:4: 1152 daAuts
     D:6: 1110 daAuts
     D:3: 1092 daAuts
   IceCv: 1061 daAuts
     D:8: 1035 daAuts
     D:1: 1030 daAuts
    D:10: 998 daAuts
    D:11: 508 daAuts
